 Dungeon Crawl Stone Soup version 0.27-a0-1557-g57f10a385c (webtiles) character file.

Game seed: 11592904142573272803

43 Sin92 the Skirmisher (level 3, 0/29 HPs)
             Began as a Demonspawn Fighter on July 15, 2021.
             Succumbed to a scorpion's poison
             ... on level 2 of the Dungeon.
             The game lasted 00:01:07 (1590 turns).

Sin92 the Skirmisher (Demonspawn Fighter)           Turns: 1590, Time: 00:01:07

Health: 0/29       AC:  6    Str: 15 (16) XL:     3   Next: 37%
Magic:  3/3        EV:  7    Int: 10 (11) God:
Gold:   53         SH:  8    Dex: 12 (13) Spells: 2/2 levels left

rFire    . . .     SeeInvis .   a - +0 trident
rCold    . . .     Faith    .   c - +0 kite shield
rNeg     . . .     Spirit   .   b - +0 scale mail
rPois    .         Reflect  .   (no helmet)
rElec    .         Harm     .   (no cloak)
rCorr    .         Rampage  .   (no gloves)
Will     .....                  (no boots)
Stlth    ..........             (no amulet)
HPRegen  0.09/turn              (no ring)
MPRegen  0.08/turn              (no ring)

@: lethally poisoned (0 -> -13)
A: foul stench 1, hooves 1, clever 1
a: no special abilities


You were on level 2 of the Dungeon.
You visited 1 branch of the dungeon, and saw 2 of its levels.

You collected 53 gold pieces.

Inventory:

Hand Weapons
 a - a +0 trident (weapon)
Armour
 b - a +0 scale mail (worn)
 c - a +0 kite shield (worn)
Scrolls
 g - a scroll of identify {unknown}
Potions
 d - a potion of might
 f - a potion of degeneration


   Skills:
 + Level 3.2 Fighting
 * Level 2.4 Polearms
 + Level 3.0 Armour
 + Level 1.0 Dodging
 + Level 2.9 Shields


You had 2 spell levels left.
You didn't know any spells.
Your spell library contained the following spells:

 Spells                   Type           Power      Damage    Failure   Level
 Sublimation of Blood     Necr           0%         N/A       100%        2
 Petrify                  Tmut/Erth      0%         N/A       100%        4
 Irradiate                Conj/Tmut      0%         3d14      100%        5
 Summon Forest            Summ/Tloc      0%         N/A       100%        5
 Summon Mana Viper        Hex/Summ       0%         N/A       100%        5
 Shadow Creatures         Summ           N/A        N/A       100%        6


Dungeon Overview and Level Annotations

Branches:
Dungeon (2/15)

Altars:


Innate Abilities, Weirdness & Mutations

You may rarely emit foul miasma when damaged in melee.
You have large cloven feet.
Your mind is acute. (Int +2)


Message History

No target in view!
A scorpion comes into view.
A scorpion is nearby!
You reach to attack!
You hit the scorpion but do no damage.
The scorpion stings you but does no damage.
A scorpion is nearby!
You barely miss the scorpion. The scorpion stings you.
You are poisoned.
The scorpion poisons you! You block the scorpion's attack.
A scorpion is nearby!
You barely miss the scorpion.
You feel very sick. The scorpion stings you.
You closely miss the scorpion.
You feel very sick. You block the scorpion's attack. x2
Unknown command.
It was a potion of degeneration.
There was something very wrong with that liquid.
You feel weakened.
You feel dopey.
You feel clumsy.
You feel sick. The scorpion closely misses you.
It was a potion of curing.
You feel better. You block the scorpion's attack. The scorpion stings you.
You are poisoned.
The scorpion poisons you!
It was a potion of mutation.
You feel extremely strange.
You feel clever.
Your feet thicken and deform.
You feel very sick. The scorpion stings you.
You barely miss the scorpion.
You feel very sick.
The scorpion stings you but does no damage.
You block the scorpion's attack.
You barely miss the scorpion.
You feel sick. The scorpion stings you.
* * * LOW HITPOINT WARNING * * *
You are more poisoned.
The scorpion poisons you!
You barely miss the scorpion.
You kick the scorpion, but do no damage.
You die...

#.# #.# #.# #.# #
#####.###.###
#.†..........
######..........##
........##.###....
#######.##@# .##
#.#.s# # #.#.##
#.#. #.#. #.#.
#.#. #.


You could see a scorpion.

Vanquished Creatures
  An adder (D:2)
  3 endoplasms
  2 giant cockroaches (D:1)
  2 goblins
  4 hobgoblins
  7 jackals (D:1)
  2 kobolds (D:1)
  2 quokkas
  A ball python (D:1)
  3 bats (D:1)
  A frilled lizard (D:1)
  A rat (D:2)
29 creatures vanquished.

Notes
Turn   | Place    | Note
-------+----------+-------------------------------------------
     0 | D:1      | Sin92 the Demonspawn Fighter began the quest for the Orb.
     0 | D:1      | Reached XP level 1. HP: 18/18 MP: 1/1
   120 | D:1      | Gained mutation: You may rarely emit foul miasma when
                  | damaged in melee. [demonic ancestry]
   120 | D:1      | Reached XP level 2. HP: 6/24 MP: 2/2
   363 | D:1      | Found a faded altar of an unknown god.
  1246 | D:2      | Reached XP level 3. HP: 29/29 MP: 3/3
  1418 | D:2      | Reached skill level 1 in Dodging
  1579 | D:2      | Noticed a scorpion
  1587 | D:2      | Gained mutation: Your mind is acute. (Int +2) [potion of
                  | mutation]
  1587 | D:2      | Gained mutation: You have large cloven feet. [potion of
                  | mutation]
  1590 | D:2      | Succumbed to a scorpion's poison

Illustrated notes

Levels and vault maps discovered:
D:1:      giann_forest_graveyard, layout_loops_ring,
          hellmonk_ecumenical_altar_dog_temple, minmay_pentomino_q4
D:2:      layout_loops_ring

Skill      XL: |  1  2  3 |
---------------+----------+-----
Polearms       | 2 |  2.4
Armour         | 3 |  3.0
Dodging        | 1 |  1.0
Fighting       | |  3.2
Shields        | |  2.9

Action                   || total
-------------------------++-------
Melee: Trident           ||   144
       Kick              ||     1
  Use: Potion            ||     3
Armor: Scale mail        ||    83
Dodge: Dodged            ||    40
Block: Kite shield       ||    77

Table legend: (Time is in decaauts)
 A = Elapsed time spent in this place.
 B = Non-inter-level travel time spent in this place.
 C = Inter-level travel time spent in this place.
 D = Time resting spent in this place.
 E = Time spent auto-exploring this place.
 F = Levels seen in this place.
 G = Mean time per level.
                   A        B        C        D        E       F      G
               +--------+--------+--------+--------+--------+-----+--------+
         Total |   1653 |   1613 |     40 |    221 |   1112 |   2 |  826.5 |
       Dungeon |   1653 |   1613 |     40 |    221 |   1112 |   2 |  826.5 |
               +--------+--------+--------+--------+--------+-----+--------+

Top non-repeatable levels by time:
     D:1: 1243 daAuts
     D:2: 410 daAuts
